 Dungeon Crawl Stone Soup version 0.22.1-2-g9c5b331383 (webtiles) character file.

617 Strung the Slasher (level 7, -1/54 HPs)
             Began as a Human Fighter on Dec 29, 2018.
             Killed from afar by Dowan (20 damage)
             ... with a shard of ice
             ... on level 5 of the Dungeon.
             The game lasted 00:31:25 (4282 turns).

Strung the Slasher (Human Fighter)                  Turns: 4282, Time: 00:31:26

Health: -1/54      AC:  8    Str: 19    XL:     7   Next: 74%
Magic:  7/7        EV:  8    Int: 12    God:
Gold:   73         SH: 10    Dex: 15    Spells: 6/6 levels left

rFire    . . .     SeeInvis .   j - +0 flail (crush)
rCold    . . .     Gourm    .   c - +0 shield
rNeg     . . .     Faith    .   b - +0 scale mail
rPois    .         Spirit   .   (no helmet)
rElec    .         Reflect  .   (no cloak)
rCorr    .         Harm     .   n - +0 pair of gloves
MR       .....                  (no boots)
Stlth    +.........             q - amulet of magic regeneration
HPRegen  0.18/turn              m - ring "Agilipt" {+Fly Int+4 Dex+3 Stlth+}
MPRegen  0.35/turn              (no ring)

@: no status effects
A: no striking features
a: Evoke Flight


You were on level 5 of the Dungeon.
You were not hungry.

You visited 2 branches of the dungeon, and saw 6 of its levels.

You collected 157 gold pieces.
You spent 84 gold pieces at shops.

Inventory:

Hand Weapons
 a - a +1 long sword
 j - a +0 flail of crushing (weapon)
Missiles
 i - 9 tomahawks (quivered)
Armour
 b - a +0 scale mail (worn)
 c - a +0 shield (worn)
 e - a +0 leather armour
 n - a +0 pair of gloves (worn)
Jewellery
 m - the ring "Agilipt" (left hand) {+Fly Int+4 Dex+3 Stlth+}
   (You found it on level 4 of the Dungeon)

   [ring of flight]

   It affects your intelligence (+4).
   It affects your dexterity (+3).
   It lets you fly.
   It makes you more stealthy.
 q - an amulet of magic regeneration (around neck)
Scrolls
 k - 2 scrolls of remove curse
 o - a scroll of fog {unknown}
 p - a scroll of amnesia
 r - a scroll of identify
Potions
 d - a potion of curing
 g - 2 potions of brilliance
 h - 2 potions of mutation {unknown}
 l - 3 potions of lignification
Comestibles
 f - 3 rations


   Skills:
 + Level 4.1 Fighting
 + Level 5.1 Long Blades
 + Level 0.9 Maces & Flails
 + Level 0.4 Throwing
 + Level 4.2 Armour
 + Level 1.2 Dodging
 + Level 0.3 Stealth
 + Level 4.7 Shields


You had 6 spell levels left.
You didn't know any spells.
Your spell library was empty.

Dungeon Overview and Level Annotations

Branches:
Dungeon (5/15)             Temple (1/1) D:5

Altars:
Ashenzari
Dithmenos
Fedhas
Hepliaklqana
Makhleb
Qazlal
Ru
Sif Muna
Trog
Uskayaw
Yredelemnul
Zin

Shops:
D:4 *

Annotations:
D:5 Dowan


Message History

Dowan is moderately wounded.
You block Dowan's attack. Dowan hits you with a dagger.
You sock Dowan!
Dowan is almost dead.
Dowan misses you.
Dowan casts a spell.
Dowan blinks!
Dowan mumbles some strange words.
Dowan blinks!
Things that are here:
a short sword; a leather armour; the elf corpse of Duvessa Dowan hits you but does no damage.
You block Dowan's attack.
Dowan gestures wildly while chanting.
Dowan blinks!
Dowan casts a spell.
Dowan blinks!
Dowan casts a spell at you. The shard of ice hits you!
You die...

#.##.. #.##.#
#.##.# #########
#.##.# #........
#†##.# #.#######
#.##.# #.#
#.##.####.#
########...).....#
....e..@.§########
###########


You could see Dowan.

Vanquished Creatures
  Edmund (D:4)
  Duvessa (D:5)
  A phantom (D:4)
  A hound (D:4)
  An orc priest (D:4)
  2 orc wizards
  Natasha (D:3)
  Terence (D:2)
  A worker ant (D:2)
  5 adders
  An ooze (D:3)
  A worm (D:2)
  A dart slug (D:1)
  3 leopard geckos
  5 orcs
  4 giant cockroaches
  2 goblins
  7 hobgoblins
  4 jackals (D:4)
  9 kobolds
  5 ball pythons
  8 bats
  3 frilled lizards
  A quokka skeleton (D:4)
  7 rats
76 creatures vanquished.

Notes
Turn   | Place    | Note
-------+----------+-------------------------------------------
     0 | D:1      | Strung the Human Fighter began the quest for the Orb.
     0 | D:1      | Reached XP level 1. HP: 18/18 MP: 1/1
    42 | D:1      | Reached XP level 2. HP: 14/24 MP: 2/2
   396 | D:1      | Reached XP level 3. HP: 21/29 MP: 3/3
   771 | D:2      | Reached XP level 4. HP: 29/36 MP: 4/4
   781 | D:2      | Noticed Terence
   799 | D:2      | Killed Terence
  1378 | D:3      | Reached XP level 5. HP: 35/41 MP: 5/5
  1708 | D:3      | Reached skill level 3 in Long Blades
  2048 | D:3      | Noticed Natasha
  2057 | D:3      | Killed Natasha
  2202 | D:4      | Reached XP level 6. HP: 41/48 MP: 6/6
  2295 | D:4      | Reached skill level 4 in Long Blades
  2324 | D:4      | Noticed a phantom
  2329 | D:4      | Killed a phantom
  2329 | D:4      | Reached skill level 1 in Dodging
  2329 | D:4      | Reached XP level 7. HP: 28/54 MP: 7/7
  2603 | D:4      | Noticed Edmund
  2634 | D:4      | Killed Edmund
  2634 | D:4      | Reached skill level 5 in Long Blades
  2718 | D:4      | Got a scintillating bronze ring
  2777 | D:4      | Found Hesup's General Store.
  2785 | D:4      | Bought 3 scrolls of identify for 84 gold pieces
  2785 | D:4      | Identified the ring "Agilipt" {+Fly Int+4 Dex+3 Stlth+}
                  | (You found it on level 4 of the Dungeon)
  3442 | D:4      | Found a hazy altar of Hepliaklqana.
  3443 | D:4      | Found a sacrificial altar of Ru.
  4032 | D:5      | Entered Level 5 of the Dungeon
  4057 | D:5      | Found a staircase to the Ecumenical Temple.
  4066 | Temple   | Entered the Ecumenical Temple
  4237 | D:5      | Noticed Duvessa
  4244 | D:5      | Noticed Dowan
  4251 | D:5      | Killed Duvessa
  4282 | D:5      | Killed from afar by Dowan

Skill      XL: |  1  2  3  4  5  6  7 |
---------------+----------------------+-----
Shields        | 4 |  4.7
Long Blades    | 3 4 5 |  5.1
Fighting       | 4 |  4.1
Dodging        | 1 |  1.2
Armour         | 4 |  4.2
Maces & Flails | |  0.9
Throwing       | |  0.4
Stealth        | |  0.3

Action                   |  1- 3 |  4- 6 |  7- 9 || total
-------------------------+-------+-------+-------++-------
Melee: Long sword        |    92 |   142 |    13 ||   247
       Flail             |       |       |    42 ||    42
Throw: Tomahawk          |       |    12 |     1 ||    13
  Use: Scroll            |     3 |     6 |     2 ||    11
       Potion            |       |     5 |     1 ||     6
  Eat: Ration            |     1 |     1 |     2 ||     4
Armor: Scale mail        |    83 |    73 |    21 ||   177
Dodge: Dodged            |    49 |    50 |    17 ||   116
Block: Shield            |    81 |    96 |    31 ||   208
       Rpst.: Long sword |    15 |    15 |       ||    30
